 Dungeon Crawl Stone Soup version 0.21-a0-221-gfe971b9 (webtiles) character file.

55767 Leszczynek the Grappler (level 14, -1/141 HPs)
             Began as a Troll Skald on Aug 28, 2017.
             Was a High Priest of Trog.
             Killed from afar by a deep elf mage (29 damage)
             ... with a shard of ice
             ... on level 2 of the Elven Halls.
             The game lasted 00:44:10 (7536 turns).

Leszczynek the Grappler (Troll Skald)               Turns: 7536, Time: 00:44:11

Health: -1/141     AC:  9    Str: 22    XL:     14   Next: 39%
Magic:  0/15       EV:  6    Int:  9    God:    Trog [*****.]
Gold:   171        SH:  0    Dex: 17    Spells: 15/15 levels left

rFire    . . .     SeeInvis +     - Unarmed
rCold    + . .     Gourm    +   g - +0 large shield
rNeg     + . .     Faith    .   Q - +0 troll leather armour
rPois    +         Spirit   +   x - +2 hat {SInv}
rElec    .         Reflect  +   s - scarf {Spirit}
rCorr    .         Harm     .   (gloves unavailable)
MR       ++...     Clarity  +   (boots unavailable)
Stlth    +.........             R - amulet of Miungapt {Reflect MR+ Dex+4 SH+5}
HPRegen  1.13/turn              j - ring of poison resistance
MPRegen  0.14/turn              L - ring of positive energy

@: held
A: unfitting armour, claws 3, horns 1, large bone plates 1, clarity, cold
resistance 1, fast metabolism 3, gourmand, regeneration 1, shaggy fur 1, tough
skin 2
a: Berserk, Trog's Hand, Brothers in Arms, Burn Spellbooks, Renounce Religion


You were on level 2 of the Elven Halls.
You worshipped Trog.
Trog was extremely pleased with you.
You were very full.

You visited 3 branches of the dungeon, and saw 20 of its levels.

You collected 1212 gold pieces.
You spent 1041 gold pieces at shops.

Inventory:

Hand Weapons
 E - a +1 scimitar of flaming
Missiles
 e - 10 tomahawks
 q - 8 javelins
 y - 6 javelins of returning
 M - 8 silver javelins {god gift}
 O - 25 large rocks (quivered)
 P - 6 steel tomahawks {god gift}
Armour
 g - a +0 large shield (worn)
 s - a scarf of spirit shield (worn)
 x - a +2 hat of see invisible (worn)
 F - a +0 cloak
 Q - a +0 troll leather armour (worn)
Jewellery
 j - a ring of poison resistance (left claw)
 L - a ring of positive energy (right claw)
 R - the amulet of Miungapt (around neck) {Reflect MR+ Dex+4 SH+5}
   (You bought it in a shop on level 2 of the Orcish Mines)

   [amulet of reflection]

   It shields you and reflects attacks.
   It affects your dexterity (+4).
   It affects your resistance to hostile enchantments.
   It affects your SH (+5).
Wands
 i - a wand of disintegration (10/24)
 t - a wand of digging (17/24)
 v - a wand of iceblast (7/15)
 w - a wand of polymorph (13/24)
 K - a wand of random effects (24/48)
Scrolls
 f - a scroll of blinking {unknown}
 h - 3 scrolls of enchant armour
 k - 2 scrolls of fog {unknown}
 o - a scroll of enchant weapon
 p - a scroll of remove curse {@r2}
 r - 2 scrolls of immolation {unknown}
 u - 6 scrolls of teleportation
 G - a scroll of recharging {unknown}
 J - a scroll of magic mapping {unknown}
 N - a scroll of noise {unknown}
Potions
 a - 2 potions of mutation {unknown}
 m - 5 potions of curing {@q1}
 n - 2 potions of cancellation
 B - 2 potions of agility
 I - a potion of magic {unknown}
 S - a potion of might {unknown}
 T - a potion of heal wounds {@q2}
Books
 b - a book of Battle

   Spells                             Type                      Level
   a - Infusion                       Charms                       1
   b - Shroud of Golubria             Charms/Translocation         2
   c - Song of Slaying                Charms                       2
   d - Spectral Weapon                Hexes/Charms                 3
   e - Regeneration                   Charms/Necromancy            3
   Trog disapproves of the use of such an item.
 z - a book of Misfortune

   Spells                             Type                      Level
   a - Confusing Touch                Hexes                        1
   b - Confuse                        Hexes                        3
   c - Gell's Gravitas                Translocation                3
   d - Petrify                        Transmutation/Earth          4
   e - Metabolic Englaciation         Hexes/Ice                    5
   f - Yara's Violent Unravelling     Hexes/Transmutation          5
   Trog disapproves of the use of such an item.
 A - a book of Air

   Spells                             Type                      Level
   a - Shock                          Conjuration/Air              1
   b - Swiftness                      Charms/Air                   2
   c - Static Discharge               Conjuration/Air              3
   d - Airstrike                      Air                          4
   e - Lightning Bolt                 Conjuration/Air              5
   Trog disapproves of the use of such an item.
 C - a Young Poisoner's Handbook

   Spells                             Type                      Level
   a - Sting                          Conjuration/Poison           1
   b - Poisonous Vapours              Poison/Air                   2
   c - Mephitic Cloud                 Conjuration/Poison/Air       3
   d - Olgreb's Toxic Radiance        Poison                       4
   e - Venom Bolt                     Conjuration/Poison           5
   Trog disapproves of the use of such an item.
 D - a book of Minor Magic

   Spells                             Type                      Level
   a - Magic Dart                     Conjuration                  1
   b - Blink                          Translocation                2
   c - Call Imp                       Summoning                    2
   d - Slow                           Hexes                        2
   e - Conjure Flame                  Conjuration/Fire             3
   f - Mephitic Cloud                 Conjuration/Poison/Air       3
   Trog disapproves of the use of such an item.
Comestibles
 c - 8 royal jellies
 d - 7 bread rations
 l - 5 meat rations


   Skills:
 + Level 9.9 Fighting
 - Level 8.1 Throwing
 * Level 6.1 Dodging
 + Level 11.5 Shields
 - Level 14.0 Unarmed Combat
 - Level 1.2 Spellcasting
   Level 2.0 Charms
 - Level 2.7 Evocations


You had 15 spell levels left.
You didn't know any spells.

Dungeon Overview and Level Annotations

Branches:
Dungeon (15/15)              Lair (0/6) D:9             Orc (2/2) D:9
    Elf (3/3) Orc:2        Depths (0/5) D:15
 Temple: D:4-7       Vaults: D:13-14

Altars:
Ashenzari
Cheibriados
Elyvilon
Qazlal
Ru
Sif Muna
Trog
Wu Jian
Beogh

Shops:
Orc:2 *([*=

Portals:
Trove: D:12 (show abyssal rune of Zot)

Annotations:
Elf:2 1 runed door


Innate Abilities, Weirdness & Mutations

You are too large for most types of armour.
You have claws for hands.
Your metabolism is lightning-fast.
You like to eat raw meat.
Your natural rate of healing is unusually fast.
You are covered in fur. (AC +1)
You have very tough skin. (AC +2)
You have a pair of small horns on your head.
You are partially covered in large bone plates. (SH +4)
You possess an exceptional clarity of mind.
Your flesh is cold resistant. (rC+)


Message History

The jumping spider pounces on you.
You are caught in a web!
The jumping spider bites you but does no damage.
The deep elf mage points at you and mumbles some strange words.
The bolt of cold hits you! You resist.
There is a web here.
You struggle to detach yourself from the web.
The jumping spider pounces on you but does no damage.
The jumping spider bites you but does no damage.
The jumping spider pounces on you. The jumping spider bites you.
The deep elf mage casts a spell.
The deep elf mage blinks!
You struggle to detach yourself from the web.
The jumping spider pounces on you!
* * * LOW HITPOINT WARNING * * *
The jumping spider bites you.
* * * LOW HITPOINT WARNING * * *
The deep elf mage gestures wildly while chanting.
The deep elf mage casts a spell at you. The shard of ice hits you!
You partially resist.
You die...

#....................
#..)...)...........
#................######
#...............[#....#
#................'....#
#................#'####
#......................
#......s...............
#.....@................
#..............).######
#..###..e###.....# ..
#..#...#er.#.....# . ##
#.#.#.#s#.....#.
........ee.....#. ##
...##...##e.....#.. #.
+#...........Y...#.. +.
###.#.#.#.#.....#...#.


You could see a deep elf archer, a deep elf knight, 3 deep elf magi, a jumping
spider, a redback, an ice beast and a hell rat.

Vanquished Creatures
  Gastronok (D:11)
  An orc warlord (Orc:2)
  The ghost of Gruud the Severer, a journeyman DsAs of Makhleb (D:13)
  A stone giant (Orc:2)
  Snorg (Orc:1)
  2 fire dragons (D:14)
  Erolcha (Orc:1)
  A rakshasa (D:14)
  6 two-headed ogres
  2 centaur warriors (D:14)
  An ogre mage (D:15)
  A tengu warrior (D:14)
  3 orc high priests (Orc:2)
  4 dancing weapons
  5 deep elf knights
  7 skeletal warriors (D:14)
  An unseen horror (D:14)
  2 wizards
  A mana viper (shapeshifter) (D:15)
  3 deep elf archers (Elf:1)
  3 orc knights
  An ugly thing (D:12)
  3 manticores
  7 orc sorcerers
  9 deep elf magi
  2 cyclopes
  Maurice (D:8)
  Psyche (D:9)
  A naga mage (D:15)
  2 gargoyles
  3 centaur skeletons
  A kobold demonologist (D:14)
  An efreet (D:15)
  A meliai (D:14)
  2 ice devils (D:14)
  6 trolls
  A hornet (D:10)
  A harpy skeleton (D:15)
  4 hippogriffs
  4 slime creatures (D:14)
  A centaur simulacrum (D:14)
  A water elemental (Elf:2)
  A shadow (D:14)
  A vampire (D:14)
  A steam dragon (D:14)
  4 hogs (D:8)
  A human (D:8)
  A basilisk (D:15)
  2 hungry ghosts
  2 wargs
  6 vampire mosquitoes
  2 acid dragons (D:14)
  A water moccasin (D:5)
  4 sky beasts
  27 orc warriors
  An eye of draining (D:14)
  A necrophage (D:8)
  4 centaurs
  8 ogres
  4 bullfrogs
  A big kobold (D:14)
  2 earth elementals (Elf:3)
  A water moccasin zombie (D:9)
  4 scorpions
  A wight (D:5)
  4 howler monkeys
  5 crimson imps
  A jelly (D:13)
  4 centaur zombies
  7 orc priests
  A bullfrog skeleton (D:10)
  An iguana (D:7)
  13 orc wizards
  2 worker ants
  2 worker ant zombies
  A howler monkey skeleton (D:10)
  3 gnolls (Orc:2)
  7 adders
  2 shadow imps
  2 oozes
  An adder zombie (D:9)
  2 worms (D:2)
  3 dart slugs
  2 leopard geckos
  48 orcs
  2 ball pythons
  3 bats
  A giant cockroach (D:5)
  2 hobgoblins (D:3)
  5 jackals
  8 kobolds
  A quokka (D:9)
  3 frilled lizards
  4 goblins
  A quokka zombie (D:8)
  4 rats (D:2)
326 creatures vanquished.

Vanquished Creatures (collateral kills)
  A skeletal warrior (D:14)
1 creature vanquished.

Vanquished Creatures (others)
  A deep elf mage (Elf:1)
  2 fungi (Orc:2)
3 creatures vanquished.

Grand Total: 330 creatures vanquished

Notes
Turn   | Place    | Note
-------+----------+-------------------------------------------
     0 | D:1      | Leszczynek the Troll Skald began the quest for the Orb.
     0 | D:1      | Reached XP level 1. HP: 19/19 MP: 1/1
    87 | D:2      | Reached XP level 2. HP: 25/27 MP: 2/2
    91 | D:2      | Learned a level 2 spell: Shroud of Golubria
   125 | D:2      | Found a white marble altar of Elyvilon.
   166 | D:2      | Noticed a moth of wrath
   170 | D:2      | Found a bloodstained altar of Trog.
   197 | D:2      | you know, i'd even go trog
   197 | D:2      | but i have no fucking idea how to survive tomb
   197 | D:2      | ah, whatever
   208 | D:2      | Reached skill level 3 in Unarmed Combat
   261 | D:2      | Became a worshipper of Trog the Wrathful
   412 | D:2      | Found a deep blue altar of Sif Muna.
   453 | D:3      | Reached XP level 3. HP: 21/33 MP: 3/3
   489 | D:3      | Reached skill level 4 in Unarmed Combat
   571 | D:3      | Reached XP level 4. HP: 41/41 MP: 4/4
   816 | D:4      | Reached * piety under Trog
   816 | D:4      | Reached skill level 5 in Unarmed Combat
   816 | D:4      | Reached XP level 5. HP: 40/48 MP: 5/5
   871 | D:4      | Noticed a centaur
   879 | D:4      | Killed a centaur
   879 | D:4      | Reached skill level 6 in Unarmed Combat
   879 | D:4      | Reached XP level 6. HP: 38/55 MP: 6/6
  1043 | D:5      | Entered Level 5 of the Dungeon
  1062 | D:5      | Noticed a water moccasin
  1072 | D:5      | Killed a water moccasin
  1072 | D:5      | Reached skill level 7 in Unarmed Combat
  1242 | D:5      | Reached XP level 7. HP: 59/62 MP: 7/7
  1331 | D:7      | Reached skill level 8 in Unarmed Combat
  1379 | D:8      | Reached skill level 2 in Fighting
  1389 | D:8      | Gained mutation: You are partially covered in large bone plates. (SH +4) [mutagenic meat]
  1390 | D:8      | Gained mutation: Your flesh is cold resistant. (rC+) [mutagenic meat]
  1391 | D:8      | Gained mutation: You have a pair of small horns on your head. [mutagenic meat]
  1393 | D:8      | Gained mutation: You possess an exceptional clarity of mind. [mutagenic meat]
  1394 | D:8      | that's pretty nice
  1462 | D:9      | Found a sacrificial altar of Ru.
  1477 | D:9      | Reached skill level 3 in Fighting
  1522 | D:9      | HP: 14/100 [orc warrior/mace (16)]
  1523 | D:9      | Reached XP level 8. HP: 16/78 MP: 8/8
  1524 | D:9      | Reached skill level 4 in Fighting
  1525 | D:9      | Reached ** piety under Trog
  1531 | D:9      | wew lad
  1581 | D:9      | Found a staircase to the Orcish Mines.
  1615 | D:9      | Found a snail-covered altar of Cheibriados.
  1674 | D:9      | Noticed Psyche
  1684 | D:9      | Killed Psyche
  1684 | D:9      | Reached skill level 5 in Fighting
  1684 | D:9      | Reached skill level 9 in Unarmed Combat
  1719 | D:9      | >robe of the archmaig
  1719 | D:9      | okay
  1723 | D:9      | at least it's +2
  1743 | D:9      | Noticed a hippogriff
  1772 | D:9      | Killed a hippogriff
  1772 | D:9      | Reached skill level 6 in Fighting
  1774 | D:9      | Reached XP level 9. HP: 72/89 MP: 9/9
  1829 | D:10     | Entered Level 10 of the Dungeon
  1910 | D:11     | Noticed a gargoyle
  1930 | D:11     | Killed a gargoyle
  1935 | D:11     | Reached skill level 7 in Fighting
  2048 | D:11     | Noticed Gastronok
  2066 | D:11     | Reached skill level 10 in Unarmed Combat
  2084 | D:11     | Killed Gastronok
  2084 | D:11     | Reached skill level 8 in Fighting
  2084 | D:11     | Reached skill level 3 in Shields
  2084 | D:11     | Reached XP level 10. HP: 104/104 MP: 10/10
  2132 | D:11     | Reached skill level 4 in Shields
  2339 | D:9      | Found an ornate altar of the Wu Jian Council.
  2383 | D:8      | Noticed a two-headed ogre
  2393 | D:8      | Killed a two-headed ogre
  2439 | D:9      | Reached *** piety under Trog
  2439 | D:9      | Reached skill level 5 in Shields
  2519 | D:8      | Reached skill level 11 in Unarmed Combat
  2522 | D:8      | Noticed Maurice
  2532 | D:8      | Killed Maurice
  2533 | D:8      | Found a shattered altar of Ashenzari.
  2546 | D:8      | Reached skill level 1 in Throwing
  2601 | D:8      | Reached skill level 1 in Evocations
  2629 | D:8      | Reached skill level 2 in Throwing
  2666 | D:8      | Found a stormy altar of Qazlal.
  2731 | D:8      | Reached skill level 6 in Shields
  3091 | D:10     | Reached skill level 2 in Evocations
  3123 | D:9      | Found a staircase to the Lair.
  3128 | D:9      | ah, here
  3200 | D:12     | Found a portal to a secret trove of treasure.
  3206 | D:12     | trove: abyss rune
  3223 | D:13     | Noticed Gruud's ghost (journeyman DsAs)
  3244 | D:13     | Killed Gruud's ghost
  3244 | D:13     | Reached XP level 11. HP: 83/113 MP: 5/11
  3285 | D:13     | Reached skill level 3 in Throwing
  3328 | D:12     | Reached skill level 7 in Shields
  3519 | D:14     | Noticed a centaur warrior
  3532 | D:14     | Killed a centaur warrior
  3610 | D:14     | Reached skill level 4 in Throwing
  3626 | D:14     | Reached **** piety under Trog
  3635 | D:14     | Received a gift from Trog
  3648 | D:14     | Noticed a centaur warrior
  3655 | D:14     | Killed a centaur warrior
  3695 | D:14     | Noticed a deep elf knight
  3708 | D:14     | Killed a deep elf knight
  3708 | D:14     | Reached skill level 8 in Shields
  3709 | D:14     | Noticed a centaur warrior
  3709 | D:14     | Noticed a wizard
  3712 | D:14     | Noticed a frost giant
  3712 | D:14     | Killed a wizard
  3716 | D:14     | Noticed a fire dragon
  3721 | D:14     | Noticed a six-headed hydra
  3722 | D:14     | Noticed a fire dragon
  3722 | D:14     | Noticed a tengu warrior
  3722 | D:14     | Noticed a rakshasa
  3729 | D:14     | hmmmmmmmmmmmmmmmmmmmmmmmmmmmmmmmmmmmm
  3802 | D:14     | Noticed a skeletal warrior
  3824 | D:14     | Killed a skeletal warrior
  3829 | D:14     | Noticed a skeletal warrior
  3830 | D:14     | Noticed a skeletal warrior
  3860 | D:14     | Reached skill level 5 in Throwing
  3880 | D:14     | Killed a fire dragon
  3880 | D:14     | Reached XP level 12. HP: 122/122 MP: 10/13
  3970 | D:14     | Killed a rakshasa
  3970 | D:14     | Reached skill level 9 in Shields
  3992 | D:13     | ok, ice cave gone
  4052 | D:14     | Killed a fire dragon
  4055 | D:14     | Killed a tengu warrior
  4071 | D:14     | Reached skill level 6 in Throwing
  4071 | D:14     | Reached skill level 12 in Unarmed Combat
  4075 | D:14     | wait
  4075 | D:14     | polar bear?
  4075 | D:14     | what?
  4257 | D:14     | and too late
  4257 | D:14     | nice vault fuckers
  4338 | D:14     | Reached skill level 10 in Shields
  4403 | D:14     | Received a gift from Trog
  4536 | D:15     | Entered Level 15 of the Dungeon
  4599 | D:15     | Reached skill level 7 in Throwing
  4600 | D:15     | shit luck
  4600 | D:15     | 2 trolls, 3 dragons, no armor
  4731 | D:15     | Reached skill level 13 in Unarmed Combat
  4761 | D:15     | Found a shattered altar of Ashenzari.
  4908 | D:15     | Reached XP level 13. HP: 127/128 MP: 14/14
  5102 | D:15     | Found a staircase to the Depths.
  5513 | Orc:1    | Entered Level 1 of the Orcish Mines
  5514 | Orc:1    | Found a roughly hewn altar of Beogh.
  5588 | Orc:1    | Noticed Erolcha
  5595 | Orc:1    | Killed Erolcha
  5595 | Orc:1    | Reached skill level 8 in Throwing
  5626 | Orc:1    | Noticed Snorg
  5644 | Orc:1    | Killed Snorg
  5686 | D:9      | Reached skill level 14 in Unarmed Combat
  5699 | D:9      | Reached skill level 2 in Dodging
  5743 | Orc:1    | Received a gift from Trog
  5975 | Orc:2    | Entered Level 2 of the Orcish Mines
  5975 | Orc:2    | Found Laekhlugg's Antique Armour Emporium.
  5975 | Orc:2    | Found Ziucijee's General Store.
  6104 | Orc:2    | Found Juso's Assorted Antiques.
  6182 | Orc:2    | Reached skill level 9 in Fighting
  6182 | Orc:2    | Reached skill level 11 in Shields
  6227 | Orc:2    | Reached skill level 3 in Dodging
  6340 | Orc:2    | Noticed a stone giant
  6407 | Orc:2    | Killed a stone giant
  6443 | Orc:2    | Received a gift from Trog
  6525 | Orc:2    | Bought a scroll of teleportation for 36 gold pieces
  6547 | Orc:2    | Reached skill level 4 in Dodging
  6554 | Orc:2    | Found Gauq's Antique Weapon Boutique.
  6560 | Orc:2    | Found a staircase to the Elven Halls.
  6562 | Orc:2    | it's all shit
  6562 | Orc:2    | surprise surprise
  6597 | Orc:2    | Noticed an orc warlord
  6627 | Orc:2    | Killed an orc warlord
  6627 | Orc:2    | Reached XP level 14. HP: 140/140 MP: 15/15
  6664 | Orc:2    | Found Gotyotah's Jewellery Shop.
  6674 | Orc:2    | Bought the amulet of Miungapt {Reflect MR+ Dex+4 SH+5} for 808 gold pieces
  6801 | Orc:2    | Bought a black potion for 26 gold pieces
  6801 | Orc:2    | Bought a golden potion for 26 gold pieces
  6801 | Orc:2    | Bought a scroll labeled BAKHLEAMM WOSA for 29 gold pieces
  6801 | Orc:2    | Bought a scroll of identify for 58 gold pieces
  6801 | Orc:2    | Bought a scroll of identify for 58 gold pieces
  6840 | Elf:1    | Entered Level 1 of the Elven Halls
  6934 | Elf:1    | Reached ***** piety under Trog
  6947 | Elf:1    | Reached skill level 5 in Dodging
  7342 | Elf:3    | Entered Level 3 of the Elven Halls
  7414 | Elf:3    | ok, here's the vault
  7473 | Elf:2    | Reached skill level 6 in Dodging
  7533 | Elf:2    | Found a runed gate.
  7536 | Elf:2    | HP: 28/141 [jumping spider[a deep elf mage] (4)]
  7536 | Elf:2    | Killed from afar by a deep elf mage

Vault maps used:
D:1:      dpeg_arrival_rhombi, hangedman_feature_mirror,
          grunt_decor_mini_mirrors
D:2:      tgw_trog, led_sif_pool, lemuel_crystal_altar, lemuel_crystal_altar
D:3:      first_bread, minmay_cut_off
D:4:      xom_redecorated
D:6:      minmay_temple_entry_poolview, kennysheep_generic_room_13
D:7:      nemelex_xobeh_ov_fountains_minmay, gammafunk_temple_overflow_wave
D:8:      overflow_temple_1_default, nicolae_overflow_crystal_walls,
          grunt_livestock, uniq_maurice
D:9:      kennysheep_mini_moat, kennysheep_little_box, lemuel_crystal_altar,
          lair_entry_dummy, corexii_checkpoint_a, grunt_ministairs_4,
          uniq_psyche
D:10:     serial_shops, shop
D:11:     uniq_gastronok, uniq_sonja
D:12:     enter_trove_1
D:13:     grunt_vaults_entry_tiered, special_room, feat_on_display
D:14:     minmay_crescents, portal_ice_cave_demonic_guard
D:15:     grunt_enter_depths_magical_seal, minivault_23,
          evilmike_ruin_ashenzari, uniq_louise
Orc:1:    basic_altar, uniq_snorg, uniq_erolcha
Orc:2:    grunt_orc_gardens, grunt_orc_garden, grunt_orc_garden,
          grunt_orc_garden, grunt_orc_garden, serial_shops,
          nicolae_shop_waterfront, rock_pile
Elf:1:    elf_arrival_001, minmay_elf_demonology
Elf:2:    serial_shops, shop
Elf:3:    minmay_elf_hall, basic_altar, serial_sigils_hangedman_clutch

Skill      XL: |  1  2  3  4  5  6  7  8  9 10 11 12 13 14 |
---------------+-------------------------------------------+-----
Unarmed Combat | 3 4 5 6 7 8 9 10 11 13 14 | 14.0
Fighting       | 3 6 8 9 |  9.9
Shields        | 3 6 8 10 11 | 11.5
Throwing       | 2 5 7 8 |  8.1
Evocations     | 2 |  2.7
Dodging        | 4 6 |  6.1
Spellcasting   | |  1.2
Charms         | |  2.0

Action                   |  1- 3 |  4- 6 |  7- 9 | 10-12 | 13-15 || total
-------------------------+-------+-------+-------+-------+-------++-------
Melee: Unarmed           |    89 |    55 |   136 |   448 |   488 ||  1216
       Punch             |     2 |     2 |     9 |     6 |       ||    19
       Headbutt          |       |       |    18 |    92 |   107 ||   217
Throw: Tomahawk          |       |       |       |     3 |       ||     3
Invok: Berserk           |       |     1 |     5 |    11 |    10 ||    27
       Trog's Hand       |       |       |       |     6 |     7 ||    13
       Brothers in Arms  |       |       |       |     1 |       ||     1
Evoke: Wand              |       |       |       |       |     2 ||     2
  Use: Potion            |     1 |       |       |     3 |       ||     4
       Scroll            |       |     1 |     1 |     9 |     5 ||    16
  Eat: Chunk             |    10 |     6 |    26 |    44 |    40 ||   126
       Fruit             |       |       |       |     1 |       ||     1
Armor: Robe              |    34 |    16 |    21 |    75 |       ||   146
       Troll leather arm |       |       |       |     1 |    33 ||    34
Dodge: Dodged            |    45 |    24 |    41 |    78 |    51 ||   239
Block: Other             |       |       |    10 |     8 |       ||    18
       Large shield      |       |       |       |   266 |   347 ||   613
       Reflection        |       |       |       |       |    10 ||    10

Table legend:
 A = Spawn XP
 B = Non-spawn XP
 C = Spawn XP percentage of total XP
 D = Spawn monster count
 E = Non-spawn monster count
 F = Spawn count percentage of total count
 G = Total turns spent on level
                    A         B        C        D         E        F      G
               +---------+---------+-------+---------+---------+-------+---------
         Total |    3512 |   76156 |   4.4 |      34 |     294 |  10.4 |  7536
               +---------+---------+-------+---------+---------+-------+---------
           D:1 |       0 |       7 |   0.0 |       0 |       1 |   0.0 |    66
           D:2 |       0 |      25 |   0.0 |       0 |      12 |   0.0 |   366
           D:3 |       2 |      77 |   2.5 |       1 |      19 |   5.0 |   302
           D:4 |       2 |     413 |   0.5 |       1 |      12 |   7.7 |   309
           D:5 |       0 |     208 |   0.0 |       0 |       3 |   0.0 |   183
           D:6 |       0 |      59 |   0.0 |       0 |       6 |   0.0 |    81
           D:7 |       0 |      52 |   0.0 |       0 |       2 |   0.0 |    54
           D:8 |      49 |    2854 |   1.7 |       4 |      16 |  20.0 |   490
           D:9 |     119 |    3054 |   3.8 |       2 |      26 |   7.1 |   729
          D:10 |       0 |    1240 |   0.0 |       0 |      14 |   0.0 |   356
          D:11 |     112 |    3584 |   3.0 |       1 |      15 |   6.2 |   383
          D:12 |     129 |    1573 |   7.6 |       1 |       8 |  11.1 |   291
          D:13 |       0 |    2733 |   0.0 |       0 |       9 |   0.0 |   252
          D:14 |    1452 |   19754 |   6.8 |       5 |      46 |   9.8 |  1105
          D:15 |    1064 |   10462 |   9.2 |       2 |      30 |   6.2 |   592
         Orc:1 |     365 |    4156 |   8.1 |       9 |      16 |  36.0 |   557
         Orc:2 |     218 |   12150 |   1.8 |       8 |      37 |  17.8 |   724
         Elf:1 |       0 |    8614 |   0.0 |       0 |      13 |   0.0 |   385
         Elf:2 |       0 |    4096 |   0.0 |       0 |       6 |   0.0 |   228
         Elf:3 |       0 |    1045 |   0.0 |       0 |       3 |   0.0 |    83
               +---------+---------+-------+---------+---------+-------+---------
